 Dungeon Crawl Stone Soup version 0.24.0-123-gd5b16e6ec5 (webtiles) character file.

Game seed: 16737700182524231433, levelgen mode: deterministic

728 Elroh the Magician (level 7, -5/51 HPs)
             Began as a Gnoll Wizard on Jan 22, 2020.
             Slain by a killer bee (7 damage)
             ... on level 5 of the Dungeon on Jan 27, 2020.
             The game lasted 02:44:36 (6515 turns).

Elroh the Magician (Gnoll Wizard)                   Turns: 6515, Time: 02:44:36

Health: -5/51      AC:  8    Str: 10    XL:     7   Next: 72%
Magic:  16/18      EV: 12    Int: 27    God:
Gold:   261        SH:  0    Dex: 13    Spells: 10/21 levels left

rFire    . . .     SeeInvis .   a - +0 trident
rCold    . . .     Gourm    .   (no shield)
rNeg     + . .     Faith    .   s - +1 ring mail {rN+}
rPois    .         Spirit   .   C - +0 helmet
rElec    .         Reflect  .   (no cloak)
rCorr    .         Harm     .   k - +0 pair of gloves
MR       .....                  (no boots)
Stlth    ++........             (no amulet)
HPRegen  0.17/turn              n - +5 ring of intelligence
MPRegen  0.16/turn              (no ring)

@: lethally poisoned (-5 -> -32)
A: distributed training, fangs 1, strong nose
a: no special abilities


You were on level 5 of the Dungeon.
You were hungry.

You visited 1 branch of the dungeon, and saw 5 of its levels.

You collected 261 gold pieces.

Inventory:

Hand Weapons
 a - a +0 trident (weapon)
 b - a +0 antimagic hand axe
 e - a +0 dagger {MeanSteel1}
 j - a +0 antimagic dagger
 o - a +0 halberd
 q - a +1 whip of venom
 u - a +0 hunting sling
 E - a +0 shortbow
 H - a +0 dagger of speed
Missiles
 h - 56 arrows
 i - 4 sling bullets
 p - 23 bolts
 t - 8 silver boomerangs (quivered)
 y - 15 poisoned darts
 F - 49 stones
Armour
 c - a +0 robe
 k - a +0 pair of gloves (worn)
 r - a +0 hat
 s - a +1 ring mail of positive energy (worn)
 B - a +0 shield
 C - a +0 helmet (worn)
Jewellery
 n - a +5 ring of intelligence (left hand)
Wands
 G - a wand of acid (9)
Scrolls
 f - a scroll of remove curse
 m - 3 scrolls of amnesia
 w - a scroll of noise {unknown}
 x - 3 scrolls of identify
 A - a scroll of blinking
Potions
 g - 2 potions of might
 l - a potion of haste
 v - a potion of cancellation {unknown}
 z - a potion of lignification {unknown}
 D - a potion of flight {unknown}
Comestibles
 d - 4 rations


   Skills:
 + Level 2.6 Fighting
 + Level 2.6 Short Blades
 + Level 2.6 Long Blades
 + Level 2.6 Axes
 + Level 2.6 Maces & Flails
 + Level 2.6 Polearms
 + Level 2.6 Staves
 + Level 2.6 Slings
 + Level 2.6 Bows
 + Level 2.6 Crossbows
 + Level 2.6 Throwing
 + Level 2.6 Armour
 + Level 5.3 Dodging
 + Level 5.0 Stealth
 + Level 2.6 Shields
 + Level 2.6 Unarmed Combat
 + Level 7.6 Spellcasting
 + Level 3.0 Conjurations
 + Level 2.1 Hexes
 + Level 2.1 Charms
 + Level 3.0 Summonings
 + Level 2.1 Necromancy
 + Level 3.0 Translocations
 + Level 2.1 Transmutations
 + Level 2.1 Fire Magic
 + Level 2.1 Ice Magic
 + Level 2.1 Air Magic
 + Level 2.1 Earth Magic
 + Level 2.1 Poison Magic
 + Level 2.9 Invocations
 + Level 2.6 Evocations


You had 10 spell levels left.
You knew the following spells:

 Your Spells              Type           Power        Failure   Level  Hunger
a - Magic Dart            Conj           ####         3%          1    None
b - Blink                 Tloc           N/A          5%          2    None
c - Call Imp              Summ           ####....     5%          2    None
d - Conjure Flame         Conj/Fire      ###.....     14%         3    None
e - Mephitic Cloud        Conj/Pois/Air  ###.....     14%         3    None

Your spell library contained the following spells:

 Spells                   Type           Power        Failure   Level  Hunger
 Beastly Appendage        Tmut           ###...       5%          1    None
 Corona                   Hex            ###....      5%          1    None
 Ensorcelled Hibernation  Hex/Ice        ###...       9%          2    None
 Slow                     Hex            ###.....     9%          2    None
 Sticks to Snakes         Tmut           ###.....     9%          2    None
 Dazzling Spray           Conj/Hex       ###...       14%         3    None
 Confuse                  Hex            ###.....     17%         3    None
 Spider Form              Tmut/Pois      ###.......   17%         3    None
 Tukima's Dance           Hex            ###.....     17%         3    None
 Ice Form                 Ice/Tmut       ###.....     50%         4    ##.....
 Blade Hands              Tmut           ###.......   83%         5    ####...


Dungeon Overview and Level Annotations

Branches:
Dungeon (5/15)
 Temple: D:4-7

Altars:
Dithmenos
Ru
Trog
Uskayaw
Xom

Annotations:
D:5 1 transporter, Nebesus's ghost, novice CeHu


Innate Abilities, Weirdness & Mutations

Your experience applies equally to all skills.
You have very sharp teeth.
Your uncanny sense of smell can sniff out nearby items.


Message History

The magic dart hits Nebesus's ghost.
Nebesus's ghost is lightly damaged.
The killer bee stings you.
* * * LOW HITPOINT WARNING * * *
You are more poisoned.
The killer bee poisons you!
The killer bee stings you but does no damage.
The killer bee stings you.
* * * LOW HITPOINT WARNING * * *
You are more poisoned.
The killer bee poisons you! The killer bee closely misses you. x2
Nebesus's ghost closely misses you. The killer bee barely misses you.
You hit Nebesus's ghost.
Nebesus's ghost is lightly damaged.
* * * LOW HITPOINT WARNING * * *
You feel sick. The killer bee barely misses you. The killer bee stings you.
* * * LOW HITPOINT WARNING * * *
You are more poisoned.
The killer bee poisons you! The killer bee stings you!
You die...

##.## ##.........##.# ##.#
##..###.###..#.# ### ...#
#..#########...##### #.. ...#
#.###.# #.###......#######.#
...#
#.##...#...##.###........#.#
...###.#
.#.###.##......#####.#.#
.......##...#.%.##.####.# #.#.#
.####..#?#.#.#.#y#.# #.# #.#.#
.# #..#!.#..%#y@#.## #.# #.#.#
.# #.©#©.#.#.#Wy#©.# #.# #...#
.# ##.#$.#...#yy#..###.# #.###
.# #.#y#.#.#.#.#......# #.# .###
#.##...#..%##....### #.# ...#
#.##.#.#.#.##.#..# #.# # ##.#
#.##...#...##.#..#######.### #.#
#.###.###.###...............
#.###..#########..#.............


You could see 5 killer bees and Nebesus's ghost.

Vanquished Creatures
  An ice beast (D:5)
  A centaur (D:5)
  A scorpion (D:5)
  A crimson imp (D:3)
  2 jellies (D:5)
  A hound (D:4)
  A bullfrog skeleton (D:4)
  A worker ant (D:4)
  An iguana (D:4)
  2 gnolls (D:4)
  A howler monkey skeleton (D:5)
  6 adders
  A shadow imp (D:5)
  A dart slug (D:1)
  5 leopard geckos
  11 orcs
  A ball python (D:1)
  3 bats
  3 giant cockroaches (D:2)
  8 goblins
  9 hobgoblins
  7 jackals
  4 kobolds
  A quokka (D:5)
  8 frilled lizards
  3 rats
84 creatures vanquished.

Vanquished Creatures (collateral kills)
  3 crimson imps (D:3)
  An orc wizard (D:3)
  A jelly (D:5)
  2 gnolls (D:4)
  4 adders
  A worm (D:2)
  A leopard gecko (D:4)
  9 orcs
  A ball python (D:3)
  3 hobgoblins (D:2)
  3 kobolds
  2 frilled lizards (D:2)
31 creatures vanquished.

Grand Total: 115 creatures vanquished

Notes
Turn   | Place    | Note
-------+----------+-------------------------------------------
     0 | D:1      | Elroh the Gnoll Wizard began the quest for the Orb.
     0 | D:1      | Reached XP level 1. HP: 13/13 MP: 8/8
   207 | D:1      | Reached XP level 2. HP: 19/19 MP: 10/10
   510 | D:1      | Learned a level 2 spell: Blink
   513 | D:1      | Learned a level 2 spell: Call Imp
   695 | D:1      | Reached XP level 3. HP: 25/25 MP: 8/11
  1084 | D:2      | Learned a level 3 spell: Conjure Flame
  1088 | D:2      | Learned a level 3 spell: Mephitic Cloud
  1095 | D:2      | Reached skill level 1 in Invocations
  1250 | D:2      | Reached skill level 1 in Fighting
  1250 | D:2      | Reached skill level 1 in Short Blades
  1250 | D:2      | Reached skill level 1 in Long Blades
  1250 | D:2      | Reached skill level 1 in Axes
  1250 | D:2      | Reached skill level 1 in Maces & Flails
  1250 | D:2      | Reached skill level 1 in Polearms
  1250 | D:2      | Reached skill level 1 in Staves
  1250 | D:2      | Reached skill level 1 in Slings
  1250 | D:2      | Reached skill level 1 in Bows
  1250 | D:2      | Reached skill level 1 in Crossbows
  1250 | D:2      | Reached skill level 1 in Throwing
  1250 | D:2      | Reached skill level 1 in Armour
  1250 | D:2      | Reached skill level 1 in Shields
  1250 | D:2      | Reached skill level 1 in Unarmed Combat
  1250 | D:2      | Reached skill level 1 in Evocations
  1257 | D:2      | Found a shadowy altar of Dithmenos.
  1300 | D:2      | Reached XP level 4. HP: 32/32 MP: 5/13
  1866 | D:3      | Found a bloodstained altar of Trog.
  1866 | D:3      | Noticed an eye of draining
  1874 | D:3      | Reached skill level 1 in Hexes
  1874 | D:3      | Reached skill level 1 in Charms
  1874 | D:3      | Reached skill level 1 in Necromancy
  1874 | D:3      | Reached skill level 1 in Transmutations
  1874 | D:3      | Reached skill level 1 in Fire Magic
  1874 | D:3      | Reached skill level 1 in Ice Magic
  1874 | D:3      | Reached skill level 1 in Air Magic
  1874 | D:3      | Reached skill level 1 in Earth Magic
  1874 | D:3      | Reached skill level 1 in Poison Magic
  2003 | D:3      | Reached XP level 5. HP: 37/37 MP: 7/14
  2732 | D:3      | Found a shimmering altar of Xom.
  3007 | D:3      | Found a sacrificial altar of Ru.
  3791 | D:4      | Reached XP level 6. HP: 44/44 MP: 8/16
  4332 | D:4      | Reached skill level 5 in Dodging
  4827 | D:4      | Found a hide-covered altar of Uskayaw.
  4924 | D:5      | Entered Level 5 of the Dungeon
  5093 | D:5      | Reached XP level 7. HP: 26/50 MP: 4/18
  5380 | D:5      | Found a transporter.
  5384 | D:5      | Found a transporter.
  5907 | D:5      | Noticed Nebesus's ghost (novice CeHu)
  6227 | D:5      | Reached skill level 5 in Stealth
  6515 | D:5      | HP: 2/51 [killer bee (3)]
  6515 | D:5      | Slain by a killer bee

Levels and vault maps discovered:
D:1:      elethiomel_arrival_maze, layout_basic, minmay_pentomino_z2
D:2:      layout_loops_ring, nicolae_overflow_crystal_walls, first_ration,
          grunt_ministairs_2, eino_tiny_chamber
D:3:      layout_basic, led_xom_imps, nicolae_ru_awakened_eye,
          trog_eyes_of_draining
D:4:      layout_basic, lemuel_crystal_altar
D:5:      layout_loops_ring, gammafunk_ghost_hive, due_unseen_surprise

Skill      XL: |  1  2  3  4  5  6  7 |
---------------+----------------------+-----
Conjurations   | 2 3 |  3.0
Summonings     | 2 3 |  3.0
Translocations | 2 3 |  3.0
Invocations    | 1 2 |  2.9
Fighting       | 1 2 |  2.6
Short Blades   | 1 2 |  2.6
Long Blades    | 1 2 |  2.6
Axes           | 1 2 |  2.6
Maces & Flails | 1 2 |  2.6
Polearms       | 1 2 |  2.6
Staves         | 1 2 |  2.6
Slings         | 1 2 |  2.6
Bows           | 1 2 |  2.6
Crossbows      | 1 2 |  2.6
Throwing       | 1 2 |  2.6
Armour         | 1 2 |  2.6
Shields        | 1 2 |  2.6
Unarmed Combat | 1 2 |  2.6
Evocations     | 1 2 |  2.6
Hexes          | 1 2 |  2.1
Charms         | 1 2 |  2.1
Necromancy     | 1 2 |  2.1
Transmutations | 1 2 |  2.1
Fire Magic     | 1 2 |  2.1
Ice Magic      | 1 2 |  2.1
Air Magic      | 1 2 |  2.1
Earth Magic    | 1 2 |  2.1
Poison Magic   | 1 2 |  2.1
Dodging        | 5 |  5.3
Stealth        | 5 |  5.0
Spellcasting   | |  7.6

Action                   |  1- 3 |  4- 6 |  7- 9 || total
-------------------------+-------+-------+-------++-------
Melee: Dagger            |     2 |       |       ||     2
       Whip              |    16 |    12 |       ||    28
       Trident           |       |    88 |    30 ||   118
       Bite              |       |     6 |     1 ||     7
       Punch             |       |     1 |     1 ||     2
       Halberd           |       |    39 |       ||    39
 Fire: Shortbow          |       |       |     5 ||     5
 Cast: Magic Dart        |    55 |    47 |    20 ||   122
       Blink             |     3 |     1 |       ||     4
       Call Imp          |    10 |    35 |     1 ||    46
       Conjure Flame     |     1 |    22 |     9 ||    32
       Mephitic Cloud    |       |     3 |     1 ||     4
  Use: Scroll            |     1 |    10 |     1 ||    12
 Stab: Sleeping          |     2 |     2 |       ||     4
       Confused          |       |     2 |       ||     2
  Eat: Chunk             |     1 |     8 |     1 ||    10
       Ration            |       |     1 |     1 ||     2
Armor: Robe              |     3 |     2 |       ||     5
       Ring mail         |       |    25 |    18 ||    43
Dodge: Dodged            |    18 |    58 |    32 ||   108
